 Dungeon Crawl Stone Soup version 0.25.0-46-gbd7b0854d2 (webtiles) character file.

Game seed: 12616358226103157766

2760 regrets the Spear-Bearer (level 10, 0/80 HPs)
             Began as a Formicid Abyssal Knight on July 15, 2020.
             Was an Elder of Lugonu.
             Slain by an orc warrior
             ... wielding a +0 scimitar
              (4 damage)
             ... on level 7 of the Dungeon.
             The game lasted 00:32:19 (11336 turns).

regrets the Spear-Bearer (Formicid Abyssal Knight) Turns: 11336, Time: 00:32:20

Health: 0/80       AC: 13    Str: 21    XL:     10   Next: 0%
Magic:  0/11       EV: 10    Int: 13    God:    Lugonu [****..]
Gold:   236        SH:  0    Dex: 10    Spells: 9/9 levels left

rFire    . . .     SeeInvis +   C - +1 spear (venom)
rCold    + . .     Gourm    .   (no shield)
rNeg     + . .     Faith    .   v - +3 scale mail {rN+}
rPois    .         Spirit   +   (helmet unavailable)
rElec    .         Reflect  .   w - +1 cloak
rCorr    .         Harm     .   (no gloves)
MR       +....                  (no boots)
Stlth    +.........             d - amulet of guardian spirit
HPRegen  0.23/turn              o - ring of stealth
MPRegen  0.12/turn              b - ring of protection from cold

@: no status effects
A: permanent stasis, dig shafts and tunnels, four strong arms, antennae 3,
hooves 1, blurry vision 1, clever 1, wild magic 1
a: Dig, Shaft Self, Depart the Abyss, Bend Space, Banish, Corrupt, Renounce
Religion


You were on level 7 of the Dungeon.
You worshipped Lugonu.
Lugonu was greatly pleased with you.
You were hungry.

You visited 1 branch of the dungeon, and saw 7 of its levels.
You visited the Abyss 1 time.

You collected 236 gold pieces.

Inventory:

Hand Weapons
 a - a +1 spear
 g - a +0 vampiric spear
 h - a +0 trident
 q - a +0 war axe
 u - a +2 flail of holy wrath
 C - a +1 spear of venom (weapon)
Missiles
 p - 10 poisoned darts (quivered)
 D - a throwing net
 F - 3 boomerangs
Armour
 v - a +3 scale mail of positive energy (worn)
 w - a +1 cloak (worn)
 A - a +0 chain mail
Jewellery
 b - a ring of protection from cold (right hand)
 d - an amulet of guardian spirit (around neck)
 l - a +6 ring of intelligence
 o - a ring of stealth (left hand)
 E - an uncursed ring of wizardry
Wands
 n - a wand of clouds (1)
 s - a wand of digging (4)
 t - a wand of flame (22)
Scrolls
 f - 2 scrolls of identify
 i - a scroll of enchant weapon {unknown}
 j - a scroll of blinking {unknown}
 r - a scroll of enchant armour {unknown}
 x - a scroll of fog
 y - 4 scrolls of remove curse {unknown}
Potions
 e - 2 potions of heal wounds
 k - a potion of flight
 m - a potion of brilliance
 B - a potion of cancellation
Comestibles
 c - 9 rations
 z - 8 chunks of flesh


   Skills:
 + Level 7.8 Fighting
 + Level 9.3 Polearms
 + Level 1.8 Throwing
 + Level 7.2 Armour
 - Level 0.8 Dodging
 * Level 2.2 Invocations


You had 9 spell levels left.
You didn't know any spells.
Your spell library contained the following spells:

 Spells                   Type           Power        Failure   Level  Hunger
 Confusing Touch          Hex            #.......     95%         3    ####...
 Gell's Gravitas          Tloc           #.........   95%         3    ####...
 Petrify                  Tmut/Erth      #.......     100%        4    #####..
 Metabolic Englaciation   Hex/Ice        #.........   100%        5    ######.
 Yara's Violent Unravell  Hex/Tmut       #.........   100%        5    ######.


Dungeon Overview and Level Annotations

Branches:
Dungeon (7/15)
 Temple: D:4-7

Altars:
Ashenzari
Gozag
Nemelex Xobeh
Wu Jian

Annotations:
D:1 exclusion: downstairs
D:3 3 runed translucent doors, exclusion: downstairs, Dirian's ghost, amateur MiFi; ilikeclowns's ghost, amateur MiFi; raph's ghost, amateur DrTm; xccam's ghost, amateur OpAs
D:4 1 transporter


Innate Abilities, Weirdness & Mutations

You cannot be hasted, slowed, berserked, paralysed or teleported.
You can dig through walls and to a lower floor.
Your four strong arms can wield two-handed weapons with a shield.
You have a pair of large antennae on your head. (SInv)
You have large cloven feet.
Scrolls take you a little longer to read.
Your mind is acute. (Int +2)
Your spells are a little harder to cast, but a little more powerful.


Message History

You hit the orc warrior but do no damage.
The orc warrior looks as sick as possible!
Your kick misses the orc warrior.
The orc warrior is severely wounded.
The orc warrior hits you but does no damage.
You hit the orc warrior but do no damage.
The orc warrior looks as sick as possible!
The orc warrior is severely wounded.
The orc warrior barely misses you.
You closely miss the orc warrior.
You kick the orc warrior, but do no damage.
The orc warrior is almost dead.
The orc warrior hits you with a +0 scimitar!!
* * * LOW HITPOINT WARNING * * *
You closely miss the orc warrior. Your kick misses the orc warrior.
The orc warrior is almost dead.
The orc warrior hits you with a +0 scimitar!
* * * LOW HITPOINT WARNING * * *
The orc warrior hits you with a +0 scimitar.
You die...

##.## #.# ##...## #.#
#.....########.#
.#######.............#
(..[o{{##.#.##.###.###
.#####.{.......# #.#
####.#.#### #.#
#.#.######.#
#.#.o.So@..#
#.########## #.# #.#
#.#


You could see an orc warrior (berserk, extremely poisoned), an adder and an orc.

Vanquished Creatures
  A hippogriff (D:6)
  Edmund (D:4)
  An ice beast (D:6)
  2 sky beasts
  8 ogres
  2 centaurs (D:6)
  A big kobold (D:7)
  A bullfrog (D:6)
  A scorpion (D:4)
  4 howler monkeys
  A jelly (D:5)
  3 orc priests (D:5)
  2 hounds (D:6)
  2 bullfrog skeletons
  A gnoll shaman (D:5)
  2 orc wizards
  A worker ant (D:4)
  A hound zombie (D:6)
  45 gnolls
  8 adders
  A shadow imp (D:6)
  2 oozes
  An adder skeleton (D:4)
  5 worms
  2 dart slugs
  4 leopard geckos
  13 orcs
  6 bats
  3 giant cockroaches
  6 goblins
  5 hobgoblins
  21 jackals
  15 kobolds
  2 quokkas (D:3)
  2 ball pythons
  A frilled lizard (D:4)
  4 rats
181 creatures vanquished.

Vanquished Creatures (others)
  3 plants (D:4)
  2 starspawn tentacles (Abyss:1)
  A withered plant (D:3)
6 creatures vanquished.

Grand Total: 187 creatures vanquished

Notes
Turn   | Place    | Note
-------+----------+-------------------------------------------
     0 | Abyss:1  | regrets the Formicid Abyssal Knight began the quest for the
                  | Orb.
     0 | Abyss:1  | Reached XP level 1. HP: 18/18 MP: 2/2
   244 | Abyss:1  | Noticed a starcursed mass
   252 | Abyss:1  | Noticed a tentacled starspawn
   257 | Abyss:1  | Noticed a small abomination
   270 | D:1      | Escaped the Abyss
   422 | D:1      | Reached * piety under Lugonu
   422 | D:1      | Reached XP level 2. HP: 25/25 MP: 3/3
   784 | D:1      | Reached XP level 3. HP: 28/30 MP: 4/4
  1914 | D:2      | Reached skill level 3 in Polearms
  1914 | D:2      | Reached XP level 4. HP: 35/38 MP: 5/5
  1997 | D:2      | Found a faded altar of an unknown god.
  2441 | D:2      | Reached ** piety under Lugonu
  2445 | D:2      | Noticed an ice beast
  2652 | D:2      | Reached XP level 5. HP: 43/43 MP: 6/6
  3312 | D:3      | Found a runed translucent gate.
  3339 | D:3      | Reached skill level 5 in Fighting
  3389 | D:3      | You fall into a shaft and drop 1 floor!
  3389 | D:4      | Noticed an ogre
  3603 | D:3      | Found a runed translucent gate.
  3604 | D:3      | Found a runed translucent gate.
  3606 | D:3      | Noticed raph's ghost (amateur DrTm)
  3606 | D:3      | Noticed xccam's ghost (amateur OpAs)
  3606 | D:3      | Noticed Dirian's ghost (amateur MiFi)
  3606 | D:3      | Noticed ilikeclowns's ghost (amateur MiFi)
  3724 | D:4      | Found a transporter.
  3754 | D:4      | Reached skill level 4 in Polearms
  3754 | D:4      | Noticed Edmund
  3757 | D:4      | You fall into a shaft and drop 1 floor!
  3757 | D:5      | Entered Level 5 of the Dungeon
  4188 | D:5      | Reached XP level 6. HP: 46/51 MP: 5/7
  4376 | D:5      | Noticed an ogre
  4708 | D:4      | Found a transporter.
  4740 | D:4      | Reached skill level 1 in Throwing
  4817 | D:4      | You fall into a shaft and drop 1 floor!
  5114 | D:5      | Reached skill level 5 in Polearms
  5165 | D:5      | Killed an ogre
  5165 | D:5      | Reached XP level 7. HP: 52/56 MP: 8/8
  6155 | D:5      | Reached skill level 6 in Polearms
  6635 | D:4      | Reached XP level 8. HP: 64/64 MP: 9/9
  6730 | D:4      | Reached skill level 7 in Polearms
  6957 | D:4      | Found an ornate altar of the Wu Jian Council.
  6959 | D:4      | You fall into a shaft and drop 1 floor!
  7516 | D:4      | Found an opulent altar of Gozag.
  7520 | D:4      | Found a sparkling altar of Nemelex Xobeh.
  7669 | D:4      | You fall into a shaft and drop 3 floors!
  8632 | D:4      | Reached XP level 9. HP: 55/71 MP: 8/10
  8734 | D:4      | Killed Edmund
  8734 | D:4      | Reached skill level 8 in Polearms
  8734 | D:4      | Reached skill level 5 in Armour
  9082 | D:4      | You fall into a shaft and drop 1 floor!
  9159 | D:6      | Found a shattered altar of Ashenzari.
  9194 | D:6      | Reached *** piety under Lugonu
 10450 | D:6      | Gained mutation: Your magical capacity is low. (-10% MP)
                  | [potion of mutation]
 10450 | D:6      | Gained mutation: You are resistant to hostile enchantments.
                  | (MR+) [potion of mutation]
 10451 | D:6      | Lost mutation: You are resistant to hostile enchantments.
                  | (MR+) [potion of mutation]
 10451 | D:6      | Lost mutation: Your magical capacity is low. (-10% MP)
                  | [potion of mutation]
 10451 | D:6      | Gained mutation: Your mind is acute. (Int +2) [potion of
                  | mutation]
 10451 | D:6      | Gained mutation: Your spells are a little harder to cast,
                  | but a little more powerful. [potion of mutation]
 10451 | D:6      | Gained mutation: Scrolls take you a little longer to read.
                  | [potion of mutation]
 10451 | D:6      | Gained mutation: You have large cloven feet. [potion of
                  | mutation]
 10490 | D:6      | Noticed a hippogriff
 10504 | D:6      | Killed a hippogriff
 10711 | D:6      | Reached **** piety under Lugonu
 10711 | D:6      | Reached skill level 9 in Polearms
 11290 | D:7      | Reached XP level 10. HP: 74/80 MP: 11/11
 11334 | D:7      | HP: 3/80 [orc warrior/+0 scimitar (6)]
 11336 | D:7      | Slain by an orc warrior

Illustrated notes

Levels and vault maps discovered:
D:1:      lemuel_arrival_lava_pool, layout_loops_ring, minmay_cupped
D:2:      layout_loops_corners, chequers_ecumenical_altar_simple_redux
D:3:      layout_basic, gammafunk_ghost_cemetery
D:4:      gammafunk_steamed_eel, layout_basic, minmay_overflow_temple_star_quad,
          uniq_edmund
D:5:      layout_basic, first_ration
D:6:      lemuel_castle_with_subvaults [lemuel_castle_interior_original],
          layout_basic, kennysheep_another_room, evilmike_ruin_ashenzari
D:7:      layout_loops_corners, fedhas_altar_4,
          minmay_temple_entry_drinking_statues, grunt_livestock

Skill      XL: |  1  2  3  4  5  6  7  8  9 |
---------------+----------------------------+-----
Fighting       | 4 5 6 7 |  7.8
Polearms       | 3 4 5 6 7 9 |  9.3
Throwing       | 1 |  1.8
Armour         | 4 7 |  7.2
Dodging        | |  0.8
Invocations    | |  2.2

Action                   |  1- 3 |  4- 6 |  7- 9 | 10-12 || total
-------------------------+-------+-------+-------+-------++-------
Melee: Spear             |   144 |    90 |   176 |    24 ||   434
       Trident           |       |   120 |   428 |       ||   548
       Kick              |       |       |    38 |     3 ||    41
Throw: Stone             |     2 |    22 |     8 |       ||    32
       Dart              |       |       |     3 |       ||     3
Invok: Depart the Abyss  |     1 |       |       |       ||     1
 Abil: Shaft Self        |       |     2 |     2 |       ||     4
       Dig               |       |       |     1 |       ||     1
  Use: Scroll            |       |     7 |     3 |       ||    10
       Potion            |       |       |     5 |       ||     5
 Stab: Distracted        |       |       |     2 |       ||     2
  Eat: Chunk             |     3 |     9 |    16 |       ||    28
       Ration            |       |     1 |     1 |       ||     2
Armor: Leather armour    |    21 |       |       |       ||    21
       Ring mail         |    15 |    56 |     2 |       ||    73
       Scale mail        |       |       |   166 |     5 ||   171
Dodge: Dodged            |    70 |    86 |   210 |     6 ||   372
